 Dungeon Crawl Stone Soup version 0.31-a0-986-g5e6e4ef867 (webtiles) character file.

Game seed: 15612852950132174432

1177 sokol815 the Sneak (level 8, -3/54 HPs)
             Began as an Octopode Gladiator on Nov 4, 2023.
             Slain by an ice beast (13 damage)
             ... on level 6 of the Dungeon.
             The game lasted 00:10:05 (5497 turns).

sokol815 the Sneak (Octopode Gladiator)             Turns: 5497, Time: 00:10:05

Health: -3/54      AC:  2    Str: 13    XL:     8   Next: 41%
Magic:  6/11       EV: 14    Int: 12    God:
Gold:   237        SH:  0    Dex: 14    Spells: 4/11 levels left

rFire   . . .        a - +2 dagger (freeze)
rCold   . . .        (no shield)
rNeg    . . .        e - +1 hat
rPois   .            (no amulet)
rElec   .            (no ring)
rCorr   .            (no ring)
SInv    .            (no ring)
Will    .....        (no ring)
Stlth   ++++         (no ring)
HPRegen 0.29/turn    (no ring)
MPRegen 0.12/turn    (no ring)
                     (no ring)

%: no passive effects
@: hasted, very quick
A: almost no armour, amphibious, 8 rings, camouflage 1, gelatinous body 1,
(nimble swimmer 1), tentacles
a: no special abilities


You were on level 6 of the Dungeon.
You visited 1 branch of the dungeon, and saw 6 of its levels.

You collected 237 gold pieces.

Inventory:

Hand Weapons
 a - a +2 dagger of freezing (weapon)
   (You took it off a kobold on level 2 of the Dungeon)
 h - a +0 trident
 k - a +1 dagger of venom
   (You took it off a goblin on level 2 of the Dungeon)
 n - a +2 dagger of venom
   (You found it on level 5 of the Dungeon)
 p - a +0 heavy trident
   (You took it off an orc on level 3 of the Dungeon)
Missiles
 c - 3 throwing nets {!d}
 d - a javelin
 m - 8 poisoned darts
 s - 59 stones
Armour
 e - a +1 hat (worn)
Magical Staves
 b - a staff of cold {rC+}
   (You found it on level 1 of the Dungeon)
Wands
 j - a wand of polymorph (4)
   (You found it on level 4 of the Dungeon)
 l - a wand of quicksilver (5)
   (You found it on level 4 of the Dungeon)
Scrolls
 Y - 3 scrolls of teleportation {@r3}
Potions
 g - 2 potions of might {unknown}
 i - 2 potions of invisibility {unknown}
 o - a potion of enlightenment {unknown}
 q - a potion of degeneration {unknown}
 H - a potion of haste
 J - 2 potions of curing {@q1}
 P - 2 potions of lignification {!q}
 R - 3 potions of resistance


   Skills:
 + Level 3.8 Fighting
 - Level 4.0 Short Blades
 - Level 3.6 Polearms
 - Level 2.0 Throwing
 - Level 3.0 Dodging
 * Level 5.2 Stealth
 + Level 2.4 Spellcasting
 + Level 3.2 Conjurations
 + Level 3.3 Fire Magic
 * Level 3.1 Ice Magic


You had 4 spell levels left.
You knew the following spells:

 Your Spells              Type           Power      Damage    Failure   Level
a - Foxfire               Conj/Fire      36%        2x1d5     7%          1
b - Hailstorm             Conj/Ice       9%         3d4       22%         3
c - Frozen Ramparts       Ice            16%        1d3       22%         3

Your spell library contained the following spells:

 Spells                   Type           Power      Damage    Failure   Level
 Freeze                   Ice            32%        1d5       8%          1
 Ensorcelled Hibernation  Hex/Ice        10%        N/A       22%         2
 Apportation              Tloc           2%         N/A       26%         1
 Necrotise                Necr           4%         1d4       26%         1
 Summon Small Mammal      Summ           4%         N/A       26%         1
 Passwall                 Tmut/Erth      0%         N/A       36%         2
 Sublimation of Blood     Necr           1%         N/A       36%         2
 Wereblood                Tmut           1%         N/A       36%         2
 Swiftness                Air            1%         N/A       61%         3
 Tukima's Dance           Hex            1%         N/A       61%         3
 Iskenderun's Mystic Bla  Conj/Tloc      5%         2d3       80%         4
 Dimensional Bullseye     Hex/Tloc       0%         N/A       95%         4
 Plasma Beam              Fire/Air       2%         2x1d12    100%        6
 Starburst                Conj/Fire      4%         6d4       100%        6
 Summon Hydra             Summ           0%         N/A       100%        7


Dungeon Overview and Level Annotations

Branches:
Dungeon (6/15) Zot: 26825
 Temple: D:4-7

Altars:
Yredelemnul
The Shining One

Shops:
D:5 :

Portals:
Abyss: D:3

Annotations:
D:3 2 transporters, sokol815's ghost, amateur OpGl
D:4 3 runed translucent doors, tinescath's ghost, amateur DEHW


Innate Abilities, Weirdness & Mutations

You cannot wear most types of armour.
You are amphibious.
You can wear up to eight rings at the same time.
Your skin changes colour to match your surroundings (Stealth+).
Your rubbery body absorbs attacks. (AC +1, EV +1)
((You are camouflaged when in or above water. (Stealth+)))
You have tentacles for arms and can constrict up to eight enemies at once.


Message History

The sky beast barely misses you.
You closely miss the sky beast. You squeeze the sky beast.
The sky beast misses you.
You hit the sky beast but do no damage. You squeeze the sky beast.
The sky beast hits you. The sky beast shocks you.
You take 11 damage, and have 39/54 hp.
MASSIVE DAMAGE!!
You hit the sky beast. You freeze the sky beast. You squeeze the sky beast!
The sky beast hits you but does no damage.
You hit the sky beast. You freeze the sky beast. You squeeze the sky beast.
You hit the sky beast. You freeze the sky beast. The sky beast hits you.
The sky beast shocks you.
You take 9 damage, and have 30/54 hp.
You hit the sky beast. You freeze the sky beast.
You kill the sky beast!
Training target 4.0 for Short Blades reached!
Your Short Blades skill increases to level 4!
Your Ice Magic skill increases to level 3!
You feel your willpower return.
An ice beast comes into view.
Health restored: 54 You miscast Foxfire.
You are very lightly contaminated with residual magic.
Nothing appears to happen.
You now have 10/11 mp.
You hit the ice beast but do no damage. You squeeze the ice beast.
The ice beast completely misses you.
You hit the ice beast but do no damage. Your squeeze misses the ice beast.
The ice beast misses you.
You completely miss the ice beast.
The ice beast hits you but does no damage.
You hit the ice beast.
Okay, then.
You conjure some foxfire!
The ice beast closely misses you.
You now have 9/11 mp.
You conjure some foxfire!
The foxfire hits the ice beast but does no damage.
The foxfire hits the ice beast.
The ice beast melts!
The ice beast closely misses you.
You now have 8/11 mp.
You conjure some foxfire!
The foxfire hits the ice beast but does no damage.
The foxfire hits the ice beast.
The ice beast melts!
The ice beast closely misses you.
Your magical contamination has completely faded away.
You now have 7/11 mp.
You conjure some foxfire!
The foxfire hits the ice beast but does no damage. x2
The ice beast hits you. The ice beast freezes you.
You take 10 damage, and have 44/54 hp.
You conjure some foxfire!
The foxfire hits the ice beast but does no damage. x2
The ice beast barely misses you.
You now have 6/11 mp.
You conjure some foxfire!
The foxfire hits the ice beast but does no damage.
The foxfire hits the ice beast.
The ice beast hits you. The ice beast freezes you!
You take 13 damage, and have 32/54 hp.
MASSIVE DAMAGE!!
You now have 5/11 mp.
You hit the ice beast.
The foxfire hits the ice beast but does no damage. x2
The ice beast closely misses you.
You hit the ice beast but do no damage. Your squeeze misses the ice beast.
The ice beast closely misses you.
Unknown command.
You barely miss the ice beast. Your squeeze misses the ice beast.
The ice beast closely misses you.
Unknown command.
You hit the ice beast but do no damage. The ice beast hits you.
The ice beast freezes you!
You take 13 damage, and have 20/54 hp.
MASSIVE DAMAGE!!
You hit the ice beast but do no damage. You closely miss the ice beast.
You squeeze the ice beast! The ice beast barely misses you.
You closely miss the ice beast. Your squeeze misses the ice beast.
The ice beast hits you but does no damage.
You completely miss the ice beast. The ice beast closely misses you.
You hit the ice beast but do no damage. The ice beast barely misses you.
You closely miss the ice beast. You squeeze the ice beast.
You hit the ice beast but do no damage. The ice beast misses you.
You hit the ice beast but do no damage. Your squeeze misses the ice beast.
The ice beast hits you. The ice beast freezes you.
* * * LOW HITPOINT WARNING * * *
You take 7 damage, and have 15/54 hp.
You closely miss the ice beast. Your squeeze misses the ice beast.
The ice beast hits you.
* * * LOW HITPOINT WARNING * * *
The ice beast freezes you!
* * * LOW HITPOINT WARNING * * *
You take 12 damage, and have 3/54 hp.
MASSIVE DAMAGE!!
You feel better. The ice beast completely misses you.
You regained 9 hp, and now have 12/54 hp.
You feel yourself speed up. The ice beast hits you.
* * * LOW HITPOINT WARNING * * *
The ice beast freezes you!
You die...

......###
..##....###
.######...####
### .# ####...###
#..## ##
###.....##....# #
##...####......##
# #....#
##......# #
##...##
##.......##
#...##
#..@......# #####
#...Y......#
#..........#
#...........#
#...........#
##..$.......#
#.........##
##........#


You could see an ice beast.

Vanquished Creatures
  A sky beast (D:6)
  An ogre (D:3)
  A phantom (D:4)
  A bullfrog (D:4)
  5 scorpions
  4 hounds (D:5)
  2 orc priests (D:5)
  A sleepcap (D:4)
  Jessica (D:2)
  2 iguanas
  2 orc wizards (D:3)
  6 gnolls
  6 adders
  6 worms
  2 dart slugs
  10 orcs
  7 endoplasms
  7 giant cockroaches
  5 hobgoblins
  A quokka (D:1)
  12 ball pythons
  A bat (D:2)
  3 frilled lizards (D:1)
  6 goblins
  13 kobolds
  7 rats
113 creatures vanquished.

Vanquished Creatures (others)
  16 foxfires
16 creatures vanquished.

Grand Total: 129 creatures vanquished

Notes
Turn   | Place    | Note
-------+----------+-------------------------------------------
     0 | D:1      | sokol815 the Octopode Gladiator began the quest for the
                  | Orb.
     0 | D:1      | Reached XP level 1. HP: 14/14 MP: 1/1
   122 | D:1      | Found a faded altar of an unknown god.
   140 | D:1      | Reached XP level 2. HP: 16/19 MP: 2/2
   747 | D:1      | Learned a level 1 spell: Foxfire
   878 | D:2      | Reached XP level 3. HP: 22/25 MP: 3/3
  1143 | D:2      | Noticed Jessica
  1149 | D:2      | Killed Jessica
  1150 | D:2      | Reached skill level 1 in Conjurations
  1150 | D:2      | Reached skill level 1 in Fire Magic
  1150 | D:2      | Reached XP level 4. HP: 29/30 MP: 4/4
  1335 | D:2      | Reached skill level 1 in Short Blades
  1616 | D:3      | Noticed a scorpion
  1624 | D:3      | Killed a scorpion
  1625 | D:3      | Reached skill level 1 in Stealth
  1625 | D:3      | Reached XP level 5. HP: 30/36 MP: 4/6
  1724 | D:3      | Reached skill level 1 in Spellcasting
  1861 | D:3      | Found a transporter.
  1862 | D:3      | Found a transporter.
  1967 | D:3      | Reached skill level 2 in Stealth
  1967 | D:3      | Reached skill level 2 in Fire Magic
  2059 | D:3      | Noticed an ogre
  2068 | D:3      | Killed an ogre
  2069 | D:3      | Reached skill level 3 in Fighting
  2069 | D:3      | Reached skill level 2 in Short Blades
  2069 | D:3      | Reached skill level 2 in Conjurations
  2069 | D:3      | Reached XP level 6. HP: 17/42 MP: 7/7
  2177 | D:3      | Found a one-way gate to the infinite horrors of the Abyss.
  2177 | D:3      | Noticed sokol815's ghost (amateur OpGl)
  2303 | D:3      | Learned a level 3 spell: Hailstorm
  2412 | D:3      | HP: 5/42 [something/puff of flame (13)]
  2417 | D:3      | HP: 3/42 [something (1)]
  2418 | D:3      | HP: 1/42 [something (2)]
  2659 | D:4      | HP: 10/42 [frozen (5)]
  2661 | D:4      | Reached skill level 3 in Stealth
  2663 | D:4      | Reached skill level 1 in Ice Magic
  2873 | D:4      | Reached XP level 7. HP: 29/46 MP: 9/9
  3169 | D:4      | HP: 11/46 [sleepcap (21)]
  3667 | D:4      | Found a basalt altar of Yredelemnul.
  3735 | D:4      | Found a runed translucent gate.
  3735 | D:4      | Found a runed translucent gate.
  3735 | D:4      | Found a runed translucent gate.
  3738 | D:4      | Noticed tinescath's ghost (amateur DEHW)
  3942 | D:4      | Reached skill level 3 in Short Blades
  3944 | D:4      | HP: 11/46 [poisoned by a scorpion]
  3949 | D:4      | HP: 7/46 [poisoned by a scorpion]
  4371 | D:4      | Reached skill level 4 in Stealth
  4371 | D:4      | Reached skill level 2 in Spellcasting
  4371 | D:4      | Reached skill level 2 in Ice Magic
  4521 | D:5      | Entered Level 5 of the Dungeon
  4577 | D:5      | Found a glowing golden altar of the Shining One.
  4624 | D:5      | Reached skill level 3 in Fire Magic
  4645 | D:5      | Reached XP level 8. HP: 51/52 MP: 11/11
  4677 | D:5      | Learned a level 3 spell: Frozen Ramparts
  4695 | D:5      | Found Ebuecsu's Self-Improvement Boutique.
  4705 | D:5      | Reached skill level 3 in Conjurations
  4729 | D:5      | HP: 5/54 [orc priest/divine providence (12)]
  4873 | D:5      | Reached skill level 5 in Stealth
  5374 | D:6      | Reached skill level 4 in Short Blades
  5374 | D:6      | Reached skill level 3 in Ice Magic
  5495 | D:6      | HP: 12/54 [ice beast (3)]
  5495 | D:6      | HP: 3/54 [ice beast (9)]
  5497 | D:6      | Slain by an ice beast

Illustrated notes

Levels and vault maps discovered:
D:1:      dpeg_arrival_central, layout_basic,
          hellmonk_ecumenical_altar_leap_of_faith
D:2:      layout_basic, nrook_mini_backslash, kennysheep_crisscross,
          uniq_jessica
D:3:      layout_loops_ring, gammafunk_ghost_abyssal_escape
D:4:      wad_river_or_something, layout_layer_cave,
          mainiacjoe_overflow_catwalk, gammafunk_ghost_nasty_kobolds,
          serial_bayou_pond_b
D:5:      layout_basic, mainiacjoe_overflow_six_doors_small,
          dreamdust_mushroom_princess, nicolae_shop_self_help
D:6:      layout_cave_pods, chequers_temple_overflow_minitemple,
          temple_fountains, kennysheep_decorative_pillar, nicolae_shop_gadgets,
          uniq_grinder

Skill      XL: |  1  2  3  4  5  6  7  8 |
---------------+-------------------------+-----
Conjurations   | 1 2 3 |  3.2
Fire Magic     | 1 2 3 |  3.3
Short Blades   | 1 2 3 4 |  4.0
Stealth        | 1 2 3 4 5 |  5.2
Spellcasting   | 1 2 |  2.4
Fighting       | 3 |  3.8
Ice Magic      | 1 2 3 |  3.1
Polearms       | |  3.6
Throwing       | |  2.0
Dodging        | |  3.0

Action                     |  1- 3 |  4- 6 |  7- 9 || total
---------------------------+-------+-------+-------++-------
  Melee: Trident           |    57 |       |       ||    57
         Constrict         |    13 |    23 |    21 ||    57
         Tentacles         |     8 |    25 |    40 ||    73
         Dagger            |    13 |   102 |   119 ||   234
         Punch             |       |       |     4 ||     4
  Throw: Javelin           |     1 |       |       ||     1
         Dart              |       |       |     2 ||     2
   Cast: Foxfire           |       |       |     8 ||     8
    Use: Scroll            |       |     7 |     4 ||    11
         Potion            |       |       |     3 ||     3
   Stab: Sleeping          |     9 |     6 |    14 ||    29
 Armour: Skin              |    27 |    44 |    37 ||   108
  Dodge: Dodged            |    32 |    63 |    59 ||   154

Table legend: (Time is in decaauts)
 A = Elapsed time spent in this place.
 B = Non-inter-level travel time spent in this place.
 C = Inter-level travel time spent in this place.
 D = Time resting spent in this place.
 E = Time spent auto-exploring this place.
 F = Levels seen in this place.
 G = Mean time per level.
                   A        B        C        D        E       F      G
               +--------+--------+--------+--------+--------+-----+--------+
         Total |   5484 |   5326 |    158 |   1047 |   3501 |   6 |  914.0 |
       Dungeon |   5484 |   5326 |    158 |   1047 |   3501 |   6 |  914.0 |
               +--------+--------+--------+--------+--------+-----+--------+

Top non-repeatable levels by time:
     D:4: 1912 daAuts
     D:2: 940 daAuts
     D:3: 856 daAuts
     D:1: 811 daAuts
     D:5: 789 daAuts
     D:6: 173 daAuts

Levels and vault maps discovered:
D:1:      dpeg_arrival_central, layout_basic,
          hellmonk_ecumenical_altar_leap_of_faith
D:2:      layout_basic, nrook_mini_backslash, kennysheep_crisscross,
          uniq_jessica
D:3:      layout_loops_ring, gammafunk_ghost_abyssal_escape
D:4:      wad_river_or_something, layout_layer_cave,
          mainiacjoe_overflow_catwalk, gammafunk_ghost_nasty_kobolds,
          serial_bayou_pond_b
D:5:      layout_basic, mainiacjoe_overflow_six_doors_small,
          dreamdust_mushroom_princess, nicolae_shop_self_help
D:6:      layout_cave_pods, chequers_temple_overflow_minitemple,
          temple_fountains, kennysheep_decorative_pillar, nicolae_shop_gadgets,
          uniq_grinder

Table legend: (Time is in decaauts)
 A = Elapsed time spent in this place.
 B = Non-inter-level travel time spent in this place.
 C = Inter-level travel time spent in this place.
 D = Time resting spent in this place.
 E = Time spent auto-exploring this place.
 F = Levels seen in this place.
 G = Mean time per level.
                   A        B        C        D        E       F      G
               +--------+--------+--------+--------+--------+-----+--------+
         Total |   5484 |   5326 |    158 |   1047 |   3501 |   6 |  914.0 |
       Dungeon |   5484 |   5326 |    158 |   1047 |   3501 |   6 |  914.0 |
               +--------+--------+--------+--------+--------+-----+--------+

Top non-repeatable levels by time:
     D:4: 1912 daAuts
     D:2: 940 daAuts
     D:3: 856 daAuts
     D:1: 811 daAuts
     D:5: 789 daAuts
     D:6: 173 daAuts

Table legend:
 A = Kills in this place as a percentage of kills in the entire game.
 B = Kills by you in this place as a percentage of kills by you in the entire game.
 C = Kills by friends in this place as a percentage of kills by friends in the entire game.
 D = Other kills in this place as a percentage of other kills in the entire game.
 E = Experience gained in this place as a percentage of experience gained in the entire game.
 F = Experience gained in this place divided by the number of levels of this place that you have seen.
                   A       B       C       D       E      F
               +-------+-------+-------+-------+-------+----------------------
         Total | 100.0 | 100.0 |   N/A |   N/A | 100.0 | 280.3
       Dungeon | 100.0 | 100.0 |   N/A |   N/A | 100.0 | 280.3
               +-------+-------+-------+-------+-------+----------------------
